AoeStats
← jmsuarezm1980

Arabia

509643412Analyzed
2v2 RM · 3d ago on Sep 27, 2026· 58m 25s· 4 players
Game mode
Random Map
Map size
Medium (4 player)
Population
200
Speed
Normal
Resources
Standard
Victory
Conquest
Starting age
Dark Age
Ending age
Imperial Age
RankedLock teamsTeams togetherTeam positionsShared explorationLock speedFull tech treeHidden civsTurbo modeCheats
Victory
Defeat
🇺🇸 Franks · United States
676
+15
🇪🇸 Hindustanis · Spain
595
+18
🇨🇱 Khmer · Chile
687
-35
🇨🇱 Goths · Chile
613
-15
olimckley
11:12 Feudal Age
12:19 Double-Bit Axe
12:19 Horse Collar
12:22 Man-at-Arms
17:44 Scale Mail Armor
19:37 Forging
23:59 Castle Age
25:11 Squires
26:42 Iron Casting
26:54 Wheelbarrow
26:25 Pikeman
27:56 Anarchy
28:55 Hand Cart
29:16 Bow Saw
29:59 Town Watch
32:46 Heavy Plow
33:12 Gold Mining
33:18 Stone Mining
34:15 Chain Mail Armor
39:02 Imperial Age
37:22 Loom
40:46 Blast Furnace
39:10 Elite Huskarl
41:14 Chemistry
40:37 Ballistics
43:13 Two-Man Saw
44:03 Halberdier
46:49 Murder Holes
47:06 Masonry
47:11 Perfusion
48:01 Stone Shaft Mining
52:07 Architecture
52:14 Capped Ram
ShalitoFresh
1:58 Loom
12:13 Feudal Age
12:55 Horse Collar
17:09 Castle Age
23:07 Double-Bit Axe
32:00 Bow Saw
38:29 Heavy Plow
41:32 Gold Mining
41:33 Stone Mining
46:33 Imperial Age
43:56 Pikeman
54:39 Halberdier
trohr10
6:50 Loom
10:01 Feudal Age
10:33 Double-Bit Axe
14:37 Gold Mining
17:13 Scale Barding Armor
18:39 Forging
20:36 Wheelbarrow
19:47 Town Watch
21:26 Stone Mining
25:15 Castle Age
25:47 Scale Mail Armor
26:32 Bow Saw
27:12 Gold Shaft Mining
27:10 Hand Cart
27:37 Husbandry
29:16 Town Patrol
32:11 Chain Barding Armor
32:27 Iron Casting
32:16 Caravan
34:49 Ordonnance Companies
39:56 Imperial Age
38:24 Fortified Wall
38:11 Murder Holes
41:42 Chemistry
41:11 Chivalry
40:33 Elite Throwing Axeman
40:52 Cavalier
42:58 Blast Furnace
42:33 Plate Barding Armor
42:15 Chain Mail Armor
43:15 Plate Barding Armor
42:58 Paladin
52:27 Masonry
jmsuarezm1980
10:09 Feudal Age
10:40 Double-Bit Axe
10:39 Horse Collar
19:56 Castle Age
19:42 Bloodlines
19:48 Forging
20:06 Man-at-Arms
21:48 Iron Casting
22:13 Long Swordsman
22:55 Squires
22:41 Arson
23:11 Scale Mail Armor
24:48 Gold Mining
25:02 Heavy Plow
25:16 Bow Saw
27:08 Stone Mining
32:25 Gold Shaft Mining
32:32 Wheelbarrow
31:47 Town Watch
37:31 Imperial Age
36:49 Husbandry
36:11 Light Cavalry
37:09 Scale Barding Armor
37:25 Hand Cart
39:40 Two-Man Saw
43:09 Stone Shaft Mining
42:44 Caravan
44:34 Blast Furnace
43:55 Chain Barding Armor
51:46 Heavy Camel Rider
56:56 Conscription
57:19 Ballistics
57:00 Fletching
Connection lost

Rejoining the realm…

Still unreachable

The connection could not be restored.

Session expired

The server has moved on; the page needs a fresh start.